 Dungeon Crawl Stone Soup version 0.27.1-33-g824d729ab1 (webtiles) character file.

Game seed: 9223622265046082282

1869 Karpo the Geomancer (level 9, -3/45 HPs)
             Began as a Gargoyle Earth Elementalist on Dec 27, 2021.
             Killed from afar by a gargoyle (14 damage)
             ... with a stone arrow
             ... on level 6 of the Dungeon on Dec 28, 2021.
             The game lasted 00:35:22 (7355 turns).

Karpo the Geomancer (Gargoyle Earth Elementalist)   Turns: 7355, Time: 00:35:23

Health: -3/45      AC: 10    Str: 12    XL:     9   Next: 13%
Magic:  10/18      EV: 15    Int: 19    God:
Gold:   217        SH:  0    Dex: 10    Spells: 16/20 levels left

rFire    . . .     SeeInvis .   x - +2 rapier (venom)
rCold    . . .     Faith    .   (no shield)
rNeg     + . .     Spirit   .   b - +0 robe
rPois    ∞         Reflect  .   (no helmet)
rElec    +         Harm     .   (no cloak)
rCorr    .         Rampage  .   (no gloves)
Will     .....                  r - +1 pair of boots
Stlth    ++........             (no amulet)
HPRegen  0.15/turn              C - +4 ring of evasion
MPRegen  0.16/turn              (no ring)

@: no status effects
A: sickness immunity, AC +6, negative energy resistance 1, electricity
resistance, torment resistance 1, petrification resistance
a: no special abilities


You were on level 6 of the Dungeon.
You visited 2 branches of the dungeon, and saw 8 of its levels.

You collected 217 gold pieces.

Inventory:

Hand Weapons
 c - a +0 rapier of speed
 e - a +0 dagger
 f - a +1 short sword of holy wrath
 j - a +0 flail
 v - a +2 hand axe of freezing
 x - a +2 rapier of venom (weapon)
 z - a +0 scythe
 E - a +0 halberd
 G - a +0 whip
 H - the +2 rapier "Luoss" {antimagic, Will+}
   (You found it on level 6 of the Dungeon)

   It reduces the magical energy of the wielder, and disrupts the spells and
   magical abilities of those it strikes.
   Natural abilities and divine invocations are not affected.
   Will:      It increases your willpower.
Missiles
 y - 8 boomerangs
 B - 14 stones
Armour
 b - a +0 robe (worn)
 r - a +1 pair of boots (worn)
 A - a +0 leather armour
Jewellery
 C - a +4 ring of evasion (left hand)
Scrolls
 a - 3 scrolls of teleportation
 i - 3 scrolls of identify
 m - 4 scrolls of magic mapping {unknown}
 n - a scroll of brand weapon {unknown}
 o - a scroll of enchant weapon {unknown}
 p - a scroll of fog {unknown}
 s - a scroll of blinking {unknown}
 t - a scroll of noise {unknown}
 u - 4 scrolls of immolation {unknown}
 w - 2 scrolls of fear {unknown}
Potions
 d - 3 potions of curing {unknown}
 g - 3 potions of resistance {unknown}
 h - 2 potions of mutation {unknown}
 k - 2 potions of lignification {unknown}
 l - a potion of cancellation {unknown}
 q - 5 potions of degeneration {unknown}
 D - a potion of haste
 F - a potion of heal wounds


   Skills:
 - Level 1.5 Dodging
 - Level 2.1 Stealth
 + Level 6.3 Spellcasting
 + Level 6.9 Conjurations
 - Level 0.7 Transmutations
 + Level 9.1 Earth Magic


You had 16 spell levels left.
You knew the following spells:

 Your Spells              Type           Power      Damage    Failure   Level
a - Sandblast             Erth           80%        2d17      1%          1
b - Stone Arrow           Conj/Erth      72%        3d11      1%          3

Your spell library contained the following spells:

 Spells                   Type           Power      Damage    Failure   Level
 Shock                    Conj/Air       76%        1d7       2%          1
 Passwall                 Tmut/Erth      20%        N/A       2%          2
 Freeze                   Ice            24%        1d5       11%         1
 Petrify                  Tmut/Erth      24%        N/A       14%         4
 Hailstorm                Conj/Ice       19%        3d6       26%         4
 Frozen Ramparts          Ice            12%        1d3       32%         3
 Bolt of Magma            Conj/Fire/Erth 13%        4d8       32%         5
 Borgnjor's Vile Clutch   Necr/Erth      11%        N/A       43%         5
 Lightning Bolt           Conj/Air       9%         1d22      58%         5
 Animate Dead             Necr           3%         N/A       73%         4
 Death Channel            Necr           3%         N/A       100%        6
 Fire Storm               Conj/Fire      9%         8d3       100%        9


Dungeon Overview and Level Annotations

Branches:
Dungeon (7/15)             Temple (1/1) D:6

Altars:
Cheibriados
Elyvilon
Gozag
Makhleb
Nemelex Xobeh
Okawaru
Qazlal
Sif Muna
Trog
Uskayaw
Xom
Zin

Annotations:
D:5 Dowan


Innate Abilities, Weirdness & Mutations

You are immune to sickness and miasma.
Your stone body is resilient. (AC +6)
You are immune to poison.
You resist negative energy. (rN+)
You are resistant to electric shocks. (rElec)
You are resistant to unholy torment.
You are immune to petrification.


Message History

You hit the gargoyle but do no damage. The gargoyle hits you with a +0 mace!
You completely miss the gargoyle. The gargoyle closely misses you.
The gargoyle hits you with a +0 mace!
Sorry, you're not good enough to have a special ability.
Unknown command.
Cast which spell? (? or * to list)
Aiming: Stone Arrow (safe; 1% risk of failure)
Press: ? - help, Shift-Dir - straight line, f - gargoyle
Aim: a gargoyle, wielding a +0 mace (88% to hit)
The stone arrow hits the gargoyle!
The gargoyle is heavily damaged.
The gargoyle misses you.
Casting: Stone Arrow (safe; 1% risk of failure)
Confirm with . or Enter, or press ? or * to list all spells.
Aiming: Sandblast (safe; 1% risk of failure)
Press: ? - help, Shift-Dir - straight line, f/p - gargoyle
Aim: a gargoyle, wielding a +0 mace (heavily damaged, 92% to hit)
The blast of sand hits the gargoyle but does no damage.
The gargoyle is heavily damaged.
The gargoyle barely misses you.
Casting: Sandblast (safe; 1% risk of failure)
Confirm with . or Enter, or press ? or * to list all spells.
Aiming: Sandblast (safe; 1% risk of failure)
Press: ? - help, Shift-Dir - straight line, f/p - gargoyle
Aim: a gargoyle, wielding a +0 mace (heavily damaged, 92% to hit)
The blast of sand hits the gargoyle but does no damage.
The gargoyle is heavily damaged.
The gargoyle hurls a stone arrow at you.
The stone arrow hits you!
* * * LOW HITPOINT WARNING * * *
Casting: Sandblast (safe; 1% risk of failure)
Confirm with . or Enter, or press ? or * to list all spells.
Aiming: Stone Arrow (safe; 1% risk of failure)
Press: ? - help, Shift-Dir - straight line, f/p - gargoyle
Aim: a gargoyle, wielding a +0 mace (heavily damaged, 88% to hit)
The stone arrow hits the gargoyle.
The gargoyle is heavily damaged.
The gargoyle hurls a stone arrow at you.
The stone arrow hits you!
You die...

..... # .. ##. ... . . #.. ###
.#. #.# #.. ... #.# #)#..#
#.####9# ##.#..# #.#..#@#
.#.#..# #.#..#.#
.#.#..#####.#..#.##############
'#.#...........#..............#
...#.....##.##.'..............#
...#.....##'####..............#
.............# #.........######
..###........# #.........#
..##.........# #.........#


You could see a gargoyle.

Vanquished Creatures
  Eustachio (D:5)
  Menkaure (D:5)
  Duvessa (D:5)
  A water moccasin (D:6)
  An ice beast (D:6)
  2 black bears
  2 necrophages
  2 bullfrogs (D:6)
  A scorpion (D:5)
  A water moccasin zombie (D:5)
  4 howler monkeys
  2 bullfrog zombies
  A centaur zombie (D:6)
  A jelly (D:5)
  A centaur skeleton (D:6)
  2 hounds
  A gnoll shaman (D:6)
  An orc priest (D:4)
  An iguana (D:4)
  An orc wizard (D:4)
  A mummy (D:5)
  5 gnolls
  5 adders
  A shadow imp (D:5)
  A white imp (D:6)
  An ufetubus (D:5)
  6 dart slugs
  12 orcs
  3 bats
  6 endoplasms
  A giant cockroach (D:1)
  4 goblins
  4 hobgoblins
  9 kobolds
  4 quokkas
  5 ball pythons
  6 frilled lizards
  2 hobgoblin zombies (D:5)
  2 orc zombies (D:5)
  7 rats
113 creatures vanquished.

Vanquished Creatures (others)
  2 plants (D:4)
2 creatures vanquished.

Grand Total: 115 creatures vanquished

Notes
Turn   | Place    | Note
-------+----------+-------------------------------------------
     0 | D:1      | Karpo the Gargoyle Earth Elementalist began the quest for
                  | the Orb.
     0 | D:1      | Reached XP level 1. HP: 10/10 MP: 3/3
   167 | D:1      | Reached skill level 4 in Earth Magic
   244 | D:1      | Reached XP level 2. HP: 15/15 MP: 3/5
  1030 | D:1      | Reached XP level 3. HP: 19/19 MP: 4/6
  1034 | D:1      | Learned a level 3 spell: Stone Arrow
  1572 | D:2      | Reached skill level 5 in Earth Magic
  1671 | D:2      | Reached skill level 1 in Conjurations
  1929 | D:2      | Found a faded altar of an unknown god.
  1956 | D:2      | Reached XP level 4. HP: 24/24 MP: 7/7
  3182 | D:5      | Entered Level 5 of the Dungeon
  3318 | D:4      | Found a shimmering blue altar of Sif Muna.
  3590 | D:4      | Reached XP level 5. HP: 28/28 MP: 5/9
  3912 | D:4      | Reached XP level 6. HP: 29/32 MP: 9/11
  4106 | D:3      | Reached skill level 6 in Earth Magic
  4207 | D:5      | Found a shimmering altar of Xom.
  4329 | D:4      | Noticed a necrophage
  4333 | D:4      | Killed a necrophage
  4483 | D:4      | Got the Handbook of Conjuration
  4554 | D:5      | Noticed Duvessa
  4697 | D:5      | Reached XP level 7. HP: 18/36 MP: 5/13
  5048 | D:5      | Noticed Dowan
  5223 | D:5      | Found a bloodstained altar of Trog.
  5297 | D:5      | Reached skill level 7 in Earth Magic
  5573 | D:5      | Noticed Menkaure
  5607 | D:5      | Killed Menkaure
  5608 | D:5      | Reached skill level 5 in Spellcasting
  5608 | D:5      | Reached skill level 5 in Conjurations
  5608 | D:5      | Reached XP level 8. HP: 35/41 MP: 12/15
  5682 | D:5      | Noticed Eustachio
  5688 | D:5      | Killed Eustachio
  5940 | D:5      | Reached skill level 8 in Earth Magic
  6441 | D:5      | Killed Duvessa
  6713 | D:6      | Found a staircase to the Ecumenical Temple.
  6722 | Temple   | Entered the Ecumenical Temple
  6992 | D:6      | Reached XP level 9. HP: 21/45 MP: 16/18
  7215 | D:6      | Reached skill level 9 in Earth Magic
  7280 | D:6      | Noticed a gargoyle
  7330 | D:6      | Identified the +2 rapier "Luoss" {antimagic, Will+}
  7355 | D:6      | Killed from afar by a gargoyle

Illustrated notes

Levels and vault maps discovered:
D:1:      lemuel_arrival_river_ford, layout_basic
D:2:      layout_loops_corners, basic_ecumenical_altar
D:3:      layout_loops_ring
D:4:      layout_rooms, lemuel_blue_sif_altar, serial_bayou_pond_e
D:5:      minmay_diamond_boxcup, layout_basic,
          mainiacjoe_overflow_concentric_impassable, xom_butterflies,
          nrook_uturn, minivault_5, ebering_dispersal_statue_hall,
          minmay_mini_ossuary, uniq_duvessa, uniq_eustachio, uniq_menkaure
D:6:      layout_basic, mainiacjoe_overflow_tiny_flanked,
          minmay_temple_entry_tees
D:7:      layout_rooms, nicolae_dithmenos_shadow_blocks,
          nicolae_overflow_hidden_temple, gammafunk_ghost_grave
Temple:   kb_temple_of_zot

Skill      XL: |  1  2  3  4  5  6  7  8  9 |
---------------+----------------------------+-----
Earth Magic    | 4 5 6 7 8 9 |  9.1
Conjurations   | 1 2 3 5 6 |  6.9
Spellcasting   | 3 4 5 6 |  6.3
Dodging        | |  1.5
Stealth        | |  2.1
Transmutations | |  0.7

Action                   |  1- 3 |  4- 6 |  7- 9 || total
-------------------------+-------+-------+-------++-------
Melee: Unarmed           |     1 |       |       ||     1
       Short sword       |    69 |   145 |       ||   214
       Rapier            |       |     8 |   119 ||   127
 Cast: Sandblast         |    17 |    18 |    49 ||    84
       Stone Arrow       |       |     4 |     8 ||    12
  Use: Scroll            |       |       |     2 ||     2
 Stab: Sleeping          |     4 |     3 |     1 ||     8
Armor: Robe              |    30 |    75 |    65 ||   170
Dodge: Dodged            |    35 |    97 |   115 ||   247
